 Dungeon Crawl Stone Soup version 0.20-a0-1009-gc986637 (webtiles) character file.

168 MirrMurr the Poker (level 5, -8/41 HPs)
             Began as a Demonspawn Gladiator on Apr 15, 2017.
             Mangled by an iguana (12 damage)
             ... on level 3 of the Dungeon.
             The game lasted 00:05:48 (2827 turns).

MirrMurr the Poker (Demonspawn Gladiator)           Turns: 2827, Time: 00:05:49

Health: -8/41      AC:  5    Str: 15    XL:     5   Next: 23%
Magic:  5/5        EV: 13    Int:  9    God:
Gold:   151        SH:  0    Dex: 15    Spells: 4/4 levels left

rFire    . . .     SeeInvis .   a - +0 trident
rCold    . . .     Gourm    .   (no shield)
rNeg     . . .     Faith    .   b - +1 leather armour
rPois    .         Spirit   .   c - +0 helmet
rElec    .         Reflect  .   (no cloak)
rCorr    .         Harm     .   (no gloves)
MR       .....                  (no boots)
Stlth    +.........             (no amulet)
Regen    0.2/turn               (no ring)
MPRegen  0.1/turn               (no ring)

@: no status effects
A: claws 2, hooves 1
a: no special abilities


You were on level 3 of the Dungeon.
You were not hungry.

You visited 1 branch of the dungeon, and saw 3 of its levels.

You collected 151 gold pieces.

Inventory:

Hand Weapons
 a - a +0 trident (weapon)
Missiles
 d - 3 throwing nets
 h - 157 stones
 q - 7 tomahawks (quivered)
Armour
 b - a +1 leather armour (worn)
 c - a +0 helmet (worn)
Jewellery
 t - an uncursed amulet of magic regeneration {unknown}
 v - a cursed ring of loudness {unknown}
Scrolls
 i - a scroll of enchant weapon {unknown}
 k - a scroll of fog {unknown}
 l - 2 scrolls of teleportation
 m - a scroll of enchant armour
 r - a scroll of identify {unknown}
 y - a scroll of immolation {unknown}
 z - a scroll of remove curse {unknown}
 A - a scroll of amnesia {unknown}
Potions
 e - a potion of mutation {unknown}
 g - a potion of cancellation {unknown}
 j - a potion of brilliance {unknown}
 p - a potion of curing {unknown}
 s - a potion of ambrosia {unknown}
 w - a potion of might {unknown}
 x - a potion of flight {unknown}
Comestibles
 f - a bread ration
 n - a meat ration
 o - a royal jelly
 u - 2 fruits


   Skills:
 + Level 3.3 Fighting
 * Level 4.2 Polearms
 - Level 1.7 Throwing
 + Level 3.5 Dodging


You had 4 spell levels left.
You didn't know any spells.

Dungeon Overview and Level Annotations

Branches:
Dungeon (3/15)

Altars:
Gozag
Nemelex Xobeh

Shops:
D:3 *


Innate Abilities, Weirdness & Mutations

You have very sharp fingernails.
You have large cloven feet.


Message History

An iguana is nearby!
You are too injured to fight recklessly!
You hit the iguana but do no damage. You kick the iguana, but do no damage.
The iguana is heavily wounded.
The iguana bites you!
* * * LOW HITPOINT WARNING * * *
You hit the iguana but do no damage.
The iguana is heavily wounded.
The iguana closely misses you.
You hit the iguana but do no damage.
The iguana is heavily wounded.
The iguana barely misses you.
Okay, then.
Okay, then.
Press: ? - help, v - describe, . - travel
Here: an iguana (heavily wounded)
The floor.
All of the chunks of flesh in your inventory have rotted away.
The iguana bites you!
You die...

..........##.####
###.####..≈...
#####........)..#
#.........≈._.
...##.....#####.##
#........≈≈...
##.##.#####......#
#...#####≈.... #.#
#.###..###...#
#≈.⌠.⌠ #.#
#........###
#≈..∩. #.#
#..####....#
#≈.⌠.⌠ #.# #..#
#.##.# #≈.... #
#.@# #.##.# #≈≈≈≈≈
. #.l# #.##.#
#####. #
#..####.##.# ?
#.......##.# .
#...######.# .
##..# #># #..# #.#
#..? ### ##.##


You could see an iguana.

Vanquished Creatures
  An orc priest (D:2)
  An orc wizard (D:3)
  Natasha (D:3)
  An adder (D:2)
  2 oozes (D:1)
  A worm (D:2)
  A dart slug (D:2)
  A leopard gecko (D:1)
  4 orcs
  A ball python (D:1)
  A giant cockroach (D:1)
  6 goblins
  7 hobgoblins
  10 jackals
  8 bats
  A frilled lizard (D:1)
  8 kobolds
  4 rats
59 creatures vanquished.

Notes
Turn   | Place    | Note
-------+----------+-------------------------------------------
     0 | D:1      | MirrMurr the Demonspawn Gladiator began the quest for the Orb.
     0 | D:1      | Reached XP level 1. HP: 16/16 MP: 1/1
   231 | D:1      | Reached skill level 3 in Polearms
   235 | D:1      | Gained mutation: You have sharp fingernails. [demonic ancestry]
   235 | D:1      | Reached XP level 2. HP: 17/22 MP: 2/2
   677 | D:1      | Gained mutation: You have large cloven feet. [demonic ancestry]
   677 | D:1      | Reached XP level 3. HP: 19/28 MP: 3/3
  1160 | D:2      | Found a sparkling altar of Nemelex Xobeh.
  1627 | D:2      | Gained mutation: You have very sharp fingernails. [demonic ancestry]
  1627 | D:2      | Reached XP level 4. HP: 30/34 MP: 4/4
  2501 | D:3      | Reached skill level 4 in Polearms
  2515 | D:3      | Reached XP level 5. HP: 32/41 MP: 5/5
  2566 | D:3      | Noticed Natasha
  2577 | D:3      | Killed Natasha
  2774 | D:3      | Found an opulent altar of Gozag.
  2774 | D:3      | Found Gozag's Platinum Reserve.
  2827 | D:3      | Mangled by an iguana

Vault maps used:
D:1:      dpeg_arrival_brainrot, minmay_tree_intersection
D:2:      nemelex_spade_bored_becter
D:3:      okawaru_metal_pillars_1_2, nicolae_gozag_zags_fifth_avenue,
          uniq_natasha, uniq_grinder

Skill      XL: |  1  2  3  4 |
---------------+-------------+-----
Polearms       | 3 4 |  4.2
Dodging        | 3 |  3.5
Fighting       | 3 |  3.3
Throwing       | |  1.7

Action                   |  1- 3 |  4- 6 || total
-------------------------+-------+-------++-------
Melee: Trident           |   172 |    58 ||   230
       Kick              |    25 |    18 ||    43
Throw: Tomahawk          |     2 |       ||     2
  Use: Scroll            |       |     2 ||     2
 Stab: Sleeping          |       |     1 ||     1
  Eat: Chunk             |     2 |     4 ||     6
Armor: Leather armour    |    50 |    12 ||    62
Dodge: Dodged            |   127 |    27 ||   154
